 Dungeon Crawl Stone Soup version 0.29-a0-284-gf9362112df (webtiles) character file.

Game seed: 14692859957495666413

958 snetch the Magician (level 8, -2/52 HPs)
             Began as a Djinni Fire Elementalist on Mar 29, 2022.
             Was a Believer of Wu Jian.
             Slain by Pikel
             ... wielding a +0 whip of freezing
              (8 damage)
             ... on level 5 of the Dungeon.
             The game lasted 00:16:27 (4983 turns).

snetch the Magician (Djinni Fire Elementalist)      Turns: 4983, Time: 00:16:28

Health: -2/52      AC:  5    Str:  7    XL:     8   Next: 37%
Gold:   200        EV: 12    Int: 19    God:    Wu Jian [**....] SH:  0 Dex: 14

rFire   + + .      SeeInvis .   a - +0 trident
rCold   + . .      Faith    .   d - orb {light}
rNeg    . . .      Spirit   .   o - +2 leather armour {rC+}
rPois   ∞          Reflect  .   (no helmet)
rElec   .          Harm     .   (no cloak)
rCorr   .          Rampage  .   (no gloves)
Will    .....                   (boots unavailable)
Stlth   +.........              E - amulet of regeneration
HPRegen 0.97/turn               e - ring of protection from cold
MPRegen 0.00/turn               A - +4 ring of slaying

@: flying, glowing
A: sickness immunity, fire resistance 2, cold vulnerability 1, float, innate
caster, HP casting, extra vitality 1
a: Renounce Religion, Wall Jump


You were on level 5 of the Dungeon.
You worshipped Wu Jian.
Wu Jian was pleased with you.
You visited 1 branch of the dungeon, and saw 5 of its levels.
You also visited: Sewer.

You collected 200 gold pieces.

Inventory:

Hand Weapons
 a - a +0 trident (weapon)
 F - a +0 short sword of venom
Missiles
 b - 177 stones
 u - 34 poisoned darts
 v - 3 curare-tipped darts
 z - 3 boomerangs
Armour
 d - an orb of light (worn)
 j - an orb of mayhem
 o - a +2 leather armour of cold resistance (worn)
Magical Staves
 m - a staff of air
Jewellery
 e - a ring of protection from cold (left hand)
 l - an amulet of faith
 A - a +4 ring of slaying (right hand)
 E - an amulet of regeneration (around neck)
 G - a ring of wizardry
Scrolls
 g - a scroll of summoning {unknown}
 h - a scroll of vulnerability {unknown}
 i - 4 scrolls of blinking {unknown}
 k - 3 scrolls of identify {unknown}
 p - 2 scrolls of teleportation {unknown}
 q - 2 scrolls of magic mapping {unknown}
 s - a scroll of fog {unknown}
 w - 2 scrolls of enchant armour {unknown}
 y - a scroll of enchant weapon {unknown}
 B - a scroll of noise {unknown}
 D - a scroll of immolation {unknown}
Potions
 c - 3 potions of curing {unknown}
 f - 3 potions of berserk rage {unknown}
 n - a potion of invisibility {unknown}
 r - 2 potions of magic {unknown}
 t - 3 potions of might {unknown}
 x - a potion of mutation {unknown}
 C - 2 potions of brilliance {unknown}


   Skills:
 + Level 1.3 Fighting
 + Level 2.9 Armour
 + Level 3.5 Dodging
 + Level 2.0 Stealth
 + Level 6.4 Spellcasting


You had one spell level left.
You knew the following spells:

 Your Spells              Type           Power      Damage    Failure   Level
a - Foxfire               Conj/Fire      100%       2x1d9     1%          1
b - Scorch                Fire           60%        2d8       1%          2
c - Conjure Flame         Conj/Fire      30%        6-21      3%          3
d - Inner Flame           Hex/Fire       30%        N/A       3%          3
e - Flame Wave            Conj/Fire      30%        2d8       11%         4
f - Beastly Appendage     Tmut           60%        N/A       1%          1
g - Poisonous Vapours     Pois/Air       60%        N/A       1%          2
h - Blink                 Tloc           60%        N/A       1%          2
Your spell library was empty.

Dungeon Overview and Level Annotations

Branches:
Dungeon (5/15)              Sewer (visited)
 Temple: D:4-7

Altars:
Wu Jian

Annotations:
D:5 Pikel


Innate Abilities, Weirdness & Mutations

You are immune to sickness and miasma.
You are immune to poison.
Your flesh is very heat resistant. (rF++)
You are vulnerable to cold. (rC-)
You float through the air rather than walking.
You learn spells naturally, not from books.
Your magical power is your life essence.
You have superior vitality. (+4 MHP)


Message History

Pikel says, "Don't tell anyone, but I think Ereshkigal likes me."
Pikel misses you.
A wave of flame ripples out!
The flame wave engulfs Pikel!
Pikel is burned terribly!
Pikel is almost dead.
The flame wave engulfs the lemure.
The lemure is lightly wounded.
You finish channelling waves of flame.
Pikel is no longer more vulnerable to fire.
Pikel waves his whip at you.
Pikel hits you with a +0 whip of freezing.
You hit Pikel but do no damage.
Pikel is almost dead.
Pikel hits you with a +0 whip of freezing. x2
Pikel freezes you.
Unknown command.
Casting: Flame Wave (dangerous; 11% risk of failure)
Confirm with . or Enter, or press ? or * to list all spells.
Flames lash the lemure.
The lemure is heavily wounded.
The lemure's fire resistance burns away.
Pikel hits you with a +0 whip of freezing.
Unknown command.
The lemure attacks as you move away! The lemure hits you but does no damage.
The lemure attacks as you move away! The lemure barely misses you.
Pikel hits you with a +0 whip of freezing.
* * * LOW HITPOINT WARNING * * *
Pikel freezes you.
* * * LOW HITPOINT WARNING * * *
Pikel hits you with a +0 whip of freezing!
* * * LOW HITPOINT WARNING * * *
Pikel freezes you.
* * * LOW HITPOINT WARNING * * *
Casting: Scorch (safe; 1% risk of failure)
Confirm with . or Enter, or press ? or * to list all spells.
Flames lash the lemure.
The lemure is burned terribly!
The lemure is almost dead.
* * * LOW HITPOINT WARNING * * *
Pikel hits you with a +0 whip of freezing!
You die...

...#. .# . #..#.#####
.###. #........###....
#............###..
..............).
########........#
#.....<...†....# ##.##
#.###########5###......
#.K@.....# ##########


You could see Pikel (fast) and a lemure (combustible).

Vanquished Creatures
  A lemure (D:5)
  9 kobold brigands (Sewer)
  A scorpion (D:5)
  2 hounds
  An iguana (D:3)
  5 adders
  A gnoll (D:3)
  A river rat (Sewer)
  A shadow imp (D:3)
  An ufetubus (D:5)
  2 worms
  5 orcs
  12 endoplasms
  6 giant cockroaches
  9 goblins
  4 hobgoblins
  2 jackals (D:2)
  9 kobolds
  6 quokkas
  12 ball pythons
  7 bats
  6 frilled lizards
  12 rats
115 creatures vanquished.

Vanquished Creatures (others)
  A goblin (D:4)
  147 foxfires
148 creatures vanquished.

Grand Total: 263 creatures vanquished

Notes
Turn   | Place    | Note
-------+----------+-------------------------------------------
     0 | D:1      | snetch the Djinni Fire Elementalist began the quest for the
                  | Orb.
     0 | D:1      | Reached XP level 1. HP: 15/15 MP: 0/0
   299 | D:1      | Reached XP level 2. HP: 20/21 MP: 0/0
   915 | D:1      | Reached XP level 3. HP: 24/25 MP: 0/0
   915 | D:1      | Learned a level 1 spell: Beastly Appendage
   934 | D:1      | Reached skill level 3 in Spellcasting
  1494 | D:2      | Found a faded altar of an unknown god.
  1507 | D:2      | Prayed at the altar of an unknown god.
  1507 | D:2      | Became a worshipper of the Wu Jian Council
  1507 | D:2      | Reached * piety under Wu Jian
  1875 | D:4      | Reached XP level 4. HP: 26/31 MP: 0/0
  1889 | D:4      | Found a glowing drain.
  1902 | Sewer    | Entered a sewer
  2138 | Sewer    | Noticed a kobold brigand
  2150 | Sewer    | Killed a kobold brigand
  2151 | Sewer    | Reached skill level 1 in Armour
  2151 | Sewer    | Reached skill level 4 in Spellcasting
  2151 | Sewer    | Reached XP level 5. HP: 28/36 MP: 0/0
  2151 | Sewer    | Learned a level 2 spell: Poisonous Vapours
  2281 | Sewer    | Noticed a kobold brigand
  2288 | Sewer    | Killed a kobold brigand
  2289 | Sewer    | Reached XP level 6. HP: 35/41 MP: 0/0
  2428 | Sewer    | Reached XP level 7. HP: 41/46 MP: 0/0
  2428 | Sewer    | Learned a level 2 spell: Blink
  2480 | Sewer    | Reached skill level 1 in Fighting
  2480 | Sewer    | Reached skill level 5 in Spellcasting
  2544 | Sewer    | Reached ** piety under Wu Jian
  3279 | Sewer    | Reached XP level 8. HP: 42/52 MP: 0/0
  3822 | D:3      | Reached skill level 6 in Spellcasting
  4075 | D:3      | Reached *** piety under Wu Jian
  4383 | D:3      | Identified the +2 pair of boots "Vein" {rElec Will+ Dex+6}
  4956 | D:5      | Entered Level 5 of the Dungeon
  4968 | D:5      | Noticed Pikel
  4983 | D:5      | Slain by Pikel

Illustrated notes

Levels and vault maps discovered:
D:1:      scummos_arrival_simple_fountains, layout_basic, minmay_misc_feat_chi
D:2:      layout_rooms, shapermc_ecumenical_altar_starsandcircs, moated_statue
D:3:      layout_loops_corners, serial_bayou_pond_b, minmay_misc_feat_enclosed,
          minmay_pentangle
D:4:      layout_loops_ring, lemuel_temple_firewalk_b, portal_sewer_entry_f
D:5:      layout_loops_ring, okawaru_altar_gauntlet_db,
          nicolae_ossuary_entry_plus, uniq_pikel

Skill      XL: |  1  2  3  4  5  6  7  8 |
---------------+-------------------------+-----
Spellcasting   | 3 4 5 6 |  6.4
Armour         | 1 2 |  2.9
Dodging        | 3 |  3.5
Fighting       | 1 |  1.3
Stealth        | 2 |  2.0

Action                   |  1- 3 |  4- 6 |  7- 9 || total
-------------------------+-------+-------+-------++-------
Melee: Dagger            |    10 |     2 |    86 ||    98
       Headbutt          |       |       |    25 ||    25
       Trident           |       |       |    14 ||    14
 Cast: Foxfire           |    49 |    17 |    25 ||    91
       Scorch            |     2 |     9 |    28 ||    39
       Poisonous Vapours |       |     1 |    19 ||    20
       Beastly Appendage |       |       |    12 ||    12
       Flame Wave        |       |       |     1 ||     1
Invok: Lunge             |     2 |       |    10 ||    12
       Whirlwind         |     1 |       |     2 ||     3
Armor: Robe              |     2 |       |       ||     2
       Leather armour    |     5 |     3 |    32 ||    40
Dodge: Dodged            |    15 |     6 |    72 ||    93

Table legend: (Time is in decaauts)
 A = Elapsed time spent in this place.
 B = Non-inter-level travel time spent in this place.
 C = Inter-level travel time spent in this place.
 D = Time resting spent in this place.
 E = Time spent auto-exploring this place.
 F = Levels seen in this place.
 G = Mean time per level.
                   A        B        C        D        E       F      G
               +--------+--------+--------+--------+--------+-----+--------+
         Total |   4996 |   4835 |    161 |    265 |   3299 |   6 |  832.7 |
       Dungeon |   3520 |   3359 |    161 |    265 |   2092 |   5 |  704.0 |
         Sewer |   1475 |   1475 |      0 |      0 |   1207 |   1 | 1475.0 |
               +--------+--------+--------+--------+--------+-----+--------+

Top non-repeatable levels by time:
   Sewer: 1475 daAuts
     D:3: 1357 daAuts
     D:1: 1150 daAuts
     D:2: 714 daAuts
     D:4: 270 daAuts
     D:5: 27 daAuts
